[Event "Early-Titled-Tuesday-Blitz-February-27-2024"]
[Site "Chess.com"]
[Date "2024.02.27"]
[Round "10"]
[White "MessiKingdom"]
[Black "GHANDEEVAM2003"]
[Result "0-1"]
[WhiteElo "2678"]
[BlackElo "3050"]
[TimeControl "180+1"]
[EndTime "9:54:55 PST"]
[Termination "GHANDEEVAM2003 won on time"]

1. d4 e6 2. Bf4 c5 3. e3 cxd4 4. exd4 Qb6 5. Nc3 Nf6 6. Nf3 Nc6 7. Be2 Bb4 8. O-O O-O 9. Nb5 Nd5 10. Bg3 a6 11.
Nd6 Bxd6 12. Bxd6 Re8 13. Ba3 Nf6 14. c3 d5 15. Ne5 Qc7 16. f4 Ne4 17. Bf3 f6 18.
Nxc6 Qxc6 19. Qe2 b5 20. Rae1 Bb7 21. g4 a5 22. Qe3 Qc4 23. Bc5 Qxa2 24. Re2 b4 25.
cxb4 Ba6 26. Bxe4 dxe4 27. Qxe4 Bxe2 28. Qxe2 axb4 29. Bxb4 Rab8 30. Bc3 Qd5 31. Re1 Rb5 32. Qf2 h5 33. h3 Kf7 34. Kh2 hxg4 35. hxg4 Rh8+ 36.
Kg3 Rbb8 37. Qg2 Qd6 38. Rh1 g5 39. Bd2 Rb3+ 40. Kf2 Qxd4+ 41. Ke2 Rxb2 0-1

[Event "Early-Titled-Tuesday-Blitz-February-27-2024"]
[Site "Chess.com"]
[Date "2024.02.27"]
[Round "10"]
[White "Bilan_Danila"]
[Black "1977Ivan"]
[Result "0-1"]
[WhiteElo "2550"]
[BlackElo "2729"]
[TimeControl "180+1"]
[EndTime "9:54:58 PST"]
[Termination "1977Ivan won by resignation"]

1. d4 Nf6 2. Nf3 e6 3. g3 c5 4. Bg2 cxd4 5. Nxd4 d5 6. O-O e5 7. Nf3 Nc6 8. c4 d4 9. e3 Be7 10. exd4 exd4 11. Bf4 Be6 12. Nbd2 O-O 13. Ne5 Nxe5 14. Bxe5 Ng4 15. Re1 d3 16. Bc3 Qb6 17. Ne4 Rad8 18. c5 Bxc5 19. Nxc5 Qxc5 20. Rxe6 Nxf2 21. Re5 Qxe5 22.
Bxe5 Nxd1 23. Rxd1 Rfe8 24. Bc3 Rd7 25. Rd2 Re2 26.
Bf1 Rxd2 27. Bxd2 h6 28. Kf2 g5 29. Ke3 Kg7 30. Bxd3 f6 31. Bc3 Re7+ 32. Kf3 Rd7 33. g4 Rxd3+ 0-1

[Event "Early-Titled-Tuesday-Blitz-February-27-2024"]
[Site "Chess.com"]
[Date "2024.02.27"]
[Round "10"]
[White "Ariadna_Atreides"]
[Black "HelvertHernandez"]
[Result "1-0"]
[WhiteElo "2191"]
[BlackElo "2004"]
[TimeControl "180+1"]
[EndTime "9:54:59 PST"]
[Termination "Ariadna_Atreides won on time"]

1. d4 Nf6 2. Nf3 b6 3. e3 Bb7 4. Bd3 d6 5. O-O Nbd7 6. Nbd2 e5 7. dxe5 dxe5 8. e4 Bd6 9. b3 O-O 10. Bb2 Re8 11. Nc4 Nxe4 12. Re1 f5 13. Nxd6 cxd6 14. Bc4+ Kh8 15. Bd5 Bxd5 16. Qxd5 Ndf6 17. Qd1 Qc7 18. c4 Rad8 19. Qe2 d5 20. cxd5 Nxd5 21. Rac1 Qb8 22. Red1 Nf4 23. Qe3 Nd5 24. Qe2 h6 25. g3 Ndc3 26. Bxc3 Nxc3 27. Rxc3 e4 28. Nh4 g5 29. Nxf5 Qe5 30. Rxd8 Rxd8 31. Qb2 Rd1+ 32. Kg2 Kh7 33. Ne3 Re1 34. Rc2 Qe7 35. Nd5 Qf7 36.
Rc7 Kg6 37. Rxf7 Kxf7 38. Qf6+ 1-0

[Event "Early-Titled-Tuesday-Blitz-February-27-2024"]
[Site "Chess.com"]
[Date "2024.02.27"]
[Round "10"]
[White "gm_rashid"]
[Black "Viktor_Poddubnyi"]
[Result "0-1"]
[WhiteElo "2411"]
[BlackElo "2252"]
[TimeControl "180+1"]
[EndTime "9:55:00 PST"]
[Termination "Viktor_Poddubnyi won by resignation"]

1. e4 g6 2. d4 Bg7 3. Be3 d6 4. Nc3 a6 5. Qd2 b5 6. f3 Bb7 7.
O-O-O Nd7 8. g4 h5 9. g5 e6 10. h4 Ne7 11. Kb1 O-O 12. Nge2 Nb6 13. Ng3 b4 14. Nce2 Nc4 15. Qc1 Nxe3 16. Qxe3 Qc8 17. f4 c5 18. Bh3 cxd4 19. Nxd4 Qc5 20. Rhe1 Rac8 21. Rd2 Rfe8 22. Qd3 a5 23. f5 exf5 24. exf5 Qxd4 25. Qxd4 Bxd4 26. Rxd4 Nxf5 27. Ne4 Nxd4 28. Nf6+ Kf8 29. Rd1 Nf5 30. Nxe8 Rxe8 31. b3 d5 32.
Rf1 Re4 33. Kb2 Rxh4 34. Bg2 Rg4 35. Bh1 Rxg5 36. Rd1 h4 37. a3 h3 38. axb4 axb4 39.
Ra1 Ng3 40. Bf3 h2 41. Ra7 Bc6 42. Rc7 Be8 43. Rc8 Rf5 44. Bh1 Nxh1 45. Rd8 Ng3 46.
Rc8 h1=Q 47. Rc7 Qe4 48. Rc8 Qd4+ 49. Ka2 Rf1 0-1

[Event "Early-Titled-Tuesday-Blitz-February-27-2024"]
[Site "Chess.com"]
[Date "2024.02.27"]
[Round "10"]
[White "bescmelasti"]
[Black "Eagle_2019"]
[Result "0-1"]
[WhiteElo "2644"]
[BlackElo "2876"]
[TimeControl "180+1"]
[EndTime "9:55:03 PST"]
[Termination "Eagle_2019 won by resignation"]

1. e4 a6 2. d4 e6 3. Nf3 c5 4. d5 Nf6 5. Nc3 b5 6. dxe6 dxe6 7. Qxd8+ Kxd8 8. Bg5 Be7 9. Ne5 Ke8 10. O-O-O Nfd7 11. Bxe7 Kxe7 12. Nxd7 Nxd7 13. f3 Ne5 14. Be2 Bb7 15. h4 Rhd8 16. Rxd8 Rxd8 17. Rd1 Rc8 18. b3 Nc6 19. Bf1 Nd4 20. Kb2 f5 21.
exf5 exf5 22. Ne2 Ne6 23. f4 c4 24. g3 Bf3 25. Re1 Kf6 26. c3 Nc5 27. Nd4 Be4 28.
bxc4 Na4+ 29. Kb3 Nc5+ 30. Kb2 bxc4 31. Bxc4 Bd3 32. Bb3 Be4 33. Bc2 Rb8+ 34. Kc1 h6 35. Nb3 Na4 36. Bxe4 fxe4 37. Rxe4 Nxc3 38. Rc4 Nxa2+ 39.
Kb2 Nb4 40. Rc5 Nd3+ 41. Kc3 Nxc5 0-1

[Event "Early-Titled-Tuesday-Blitz-February-27-2024"]
[Site "Chess.com"]
[Date "2024.02.27"]
[Round "10"]
[White "DenLaz"]
[Black "Chopper1905"]
[Result "1-0"]
[WhiteElo "3031"]
[BlackElo "2933"]
[TimeControl "180+1"]
[EndTime "9:55:04 PST"]
[Termination "DenLaz won on time"]

1. d4 Nf6 2. c4 e6 3. Nf3 d5 4. g3 dxc4 5. Bg2 c5 6. O-O Nc6 7. dxc5 Qxd1 8. Rxd1 Bxc5 9. Nbd2 c3 10. bxc3 O-O 11.
Nb3 Be7 12. c4 Bd7 13. Be3 Rfc8 14. Nc5 Bxc5 15. Bxc5 Na5 16. Be7 Ba4 17. Rdc1 Nxc4 18. Rab1 Na5 19. Ne5 Nd5 20. Ba3 f6 21. Nd3 Nc4 22. Bb4 Rc7 23. Nc5 Nxb4 24. Nxe6 Re7 25. Rxb4 Rxe6 26. Bd5 Bd7 27. Rbxc4 Kf8 28. Bxe6 Bxe6 29.
Rc7 Bxa2 30. Rxb7 a5 31. Rcc7 Bd5 32. Ra7 Re8 33. Rxa5 Bf7 34. Raa7 Bg6 35. e3 1-0

[Event "Early-Titled-Tuesday-Blitz-February-27-2024"]
[Site "Chess.com"]
[Date "2024.02.27"]
[Round "10"]
[White "IMRosen"]
[Black "Chessbard1972"]
[Result "1/2-1/2"]
[WhiteElo "2667"]
[BlackElo "2459"]
[TimeControl "180+1"]
[EndTime "9:55:04 PST"]
[Termination "Game drawn by repetition"]

1. d4 Nf6 2. Bf4 d5 3. e3 c5 4. Nf3 Nc6 5. Nbd2 Qb6 6. dxc5 Qxb2 7. Rb1 Qc3 8. Bb5 Qxc5 9. c4 e6 10. O-O a6 11. Nb3 Qa7 12. Ba4 Bd7 13. Nbd4 Bc5 14. Nxc6 bxc6 15. Ne5 Rc8 16. cxd5 exd5 17. Nxd7 Qxd7 18.
Qc2 Bd6 19. Rfc1 O-O 20. Bxc6 Qc7 21. Bxd6 Qxd6 22. Qa4 Ne4 23. Bb7 Rxc1+ 24. Rxc1 Nc5 25. Qc6 Nxb7 26. Qxb7 g6 27. h3 a5 28. Rd1 Rd8 29. Rd4 Qc5 30. Qb2 Rc8 31. Kh2 Qc7+ 32. g3 Qc5 33.
Qd2 Qa3 34. Rxd5 a4 35. Rd8+ Rxd8 36. Qxd8+ Kg7 37. Qd4+ Kg8 38. Qd2 h5 39. Qd8+ Kh7 40.
Qd5 Kg8 41. h4 Qb4 42. Kg2 a3 43. Qd8+ Kh7 44. Qd5 Kg8 45. Qd8+ Kh7 46. Qd5 Kg8 1/2-1/2

[Event "Early-Titled-Tuesday-Blitz-February-27-2024"]
[Site "Chess.com"]
[Date "2024.02.27"]
[Round "10"]
[White "janhelmer03"]
[Black "Tashik"]
[Result "1-0"]
[WhiteElo "2376"]
[BlackElo "2486"]
[TimeControl "180+1"]
[EndTime "9:55:04 PST"]
[Termination "janhelmer03 won on time"]

1. d4 Nf6 2. c4 c5 3. d5 b5 4.
cxb5 a6 5. e3 g6 6. Nc3 Bg7 7.
a4 O-O 8. Bc4 e6 9. Nge2 axb5 10.
Bxb5 Bb7 11. e4 exd5 12. exd5 Na6 13. O-O Nb4 14. Bg5 Qb6 15. Bxf6 Bxf6 16. Qb3 d6 17. Rad1 Bg7 18. Nf4 Be5 19. Nfe2 Qd8 20. Bc4 Qh4 21. Ng3 f5 22. Rfe1 f4 23. Nge4 f3 24. g3 Qh5 25. Nb5 Rad8 26. Nc7 Rf5 27. Ne6 Rd7 28. Bb5 Ba6 29. Qc4 Ra7 30. Bxa6 Rxa6 31. Qb5 Qh3 32. Qe8+ 1-0

[Event "Early-Titled-Tuesday-Blitz-February-27-2024"]
[Site "Chess.com"]
[Date "2024.02.27"]
[Round "10"]
[White "TigrVShlyape"]
[Black "SantoBlue"]
[Result "1-0"]
[WhiteElo "2899"]
[BlackElo "2963"]
[TimeControl "180+1"]
[EndTime "9:55:05 PST"]
[Termination "TigrVShlyape won by resignation"]

1. d4 d5 2. Bf4 Nf6 3. e3 e6 4.
Nf3 Bd6 5. Bg3 Nc6 6. c4 Ne4 7.
Nc3 Nxg3 8. hxg3 dxc4 9. Bxc4 h6 10. a3 a6 11. Qc2 Qe7 12. Rd1 b5 13. Ba2 Bb7 14.
Ne4 Rd8 15. Nxd6+ cxd6 16. d5 exd5 17. Bxd5 Rc8 18. Qf5 Rc7 19. g4 Bc8 20. Qf4 Ne5 21. g5 h5 22. Nd4 g6 23. f3 Bd7 24. Kf2 Rc5 25. e4 Rf8 26. Qf6 Be6 27. Bxe6 fxe6 28. Qxe6 Rc2+ 29. Kg3 Rxb2 30. f4 Qxe6 31. Nxe6 Rb3+ 32.
Kh4 Ng4 33. Nxf8 Kxf8 34. Rxd6 Ne3 35. Rg1 Kf7 36. f5 gxf5 37. Kxh5 fxe4 38. g6+ Ke7 39. Rxa6 Nf5 40. Kg5 Nd4 41. Re1 e3 42. g7 Kf7 43.
Ra7+ Kg8 44. Kg6 Rxa3 45. Rxa3 1-0

[Event "Early-Titled-Tuesday-Blitz-February-27-2024"]
[Site "Chess.com"]
[Date "2024.02.27"]
[Round "10"]
[White "IlanSchnaider"]
[Black "124chess"]
[Result "0-1"]
[WhiteElo "2732"]
[BlackElo "2573"]
[TimeControl "180+1"]
[EndTime "9:55:05 PST"]
[Termination "124chess won on time"]

1. e4 d5 2. exd5 Qxd5 3. Nc3 Qd6 4. d4 Nf6 5. Bc4 Bg4 6. f3 Bh5 7. Nge2 c6 8. Bf4 Qd8 9. Qd2 e6 10. a3 Be7 11. O-O O-O 12. Rad1 Nbd7 13. Ng3 Bg6 14. Nge4 Nb6 15. Ba2 Nbd5 16. Be5 Qb6 17. Na4 Qd8 18.
Rfe1 Nxe4 19. fxe4 Nf6 20. Nc3 Ng4 21. Bf4 e5 22. Bxe5 Nxe5 23. dxe5 Qb6+ 24. Kh1 Qxb2 25. Rb1 Qxa3 26. Rxb7 Bb4 27. Bb3 Qa5 28. Rxb4 Qxb4 29. Qe3 Rad8 30. e6 fxe6 31. Bxe6+ Kh8 32. h3 Rfe8 33.
Bb3 Qd4 34. Qg3 Bxe4 35. Nxe4 Rxe4 36. Rf1 Rde8 37. Bf7 Rf8 38. Qf3 h6 39. Qa3 c5 0-1

[Event "Early-Titled-Tuesday-Blitz-February-27-2024"]
[Site "Chess.com"]
[Date "2024.02.27"]
[Round "10"]
[White "BilicVladimir"]
[Black "Dyadya81"]
[Result "0-1"]
[WhiteElo "2690"]
[BlackElo "2857"]
[TimeControl "180+1"]
[EndTime "9:55:06 PST"]
[Termination "Dyadya81 won by checkmate"]

1. Nf3 Nf6 2. c4 g6 3. g3 Bg7 4.
Bg2 O-O 5. O-O d6 6. Nc3 c6 7.
d4 Qa5 8. e4 e5 9. d5 cxd5 10.
cxd5 b5 11. Nd2 b4 12. Nb3 Qd8 13. Nb1 Ba6 14. Re1 Nbd7 15. Bf1 Bxf1 16. Kxf1 a5 17. a4 h5 18. Qd3 Ng4 19. h3 Nh6 20. N1d2 f5 21. Nc4 Qf6 22. exf5 gxf5 23. Kg2 h4 24.
Nbxa5 Nc5 25. Qd1 hxg3 26. fxg3 f4 27. Nc6 fxg3 28. Be3 Nf5 29. Rf1 Nh4+ 30. Kg1 Qxf1+ 31. Qxf1 Rxf1+ 32. Kxf1 Rf8+ 33. Kg1 Ne4 34. a5 Nf3+ 35. Kg2 Nh4+ 36. Kg1 Bh6 37. a6 Bxe3+ 38. Nxe3 Rf2 39. a7 Nf3+ 40. Kh1 Rh2# 0-1

[Event "Early-Titled-Tuesday-Blitz-February-27-2024"]
[Site "Chess.com"]
[Date "2024.02.27"]
[Round "10"]
[White "Lion-Al-Messi"]
[Black "tsaruk_maks"]
[Result "1-0"]
[WhiteElo "2565"]
[BlackElo "2731"]
[TimeControl "180+1"]
[EndTime "9:55:07 PST"]
[Termination "Lion-Al-Messi won by checkmate"]

1. e4 e5 2. Nf3 Nc6 3. Bb5 a6 4. Ba4 Nf6 5. O-O b5 6. Bb3 Bb7 7. Qe2 Be7 8. d3 d6 9. Rd1 O-O 10. a3 Na5 11. Ba2 c5 12. Nbd2 Rc8 13. Nf1 Re8 14.
Ng3 d5 15. Nf5 Bf8 16. Bg5 Qb6 17. b4 cxb4 18. axb4 Bxb4 19. Rab1 Bf8 20. exd5 Bxd5 21. c4 Be6 22. Nh6+ Kh8 23. Nxe5 Qc7 24. Bf4 Qe7 25. cxb5 Nd5 26. Bxd5 Bxd5 27. Nf5 Qf6 28. Qg4 Be6 29. bxa6 Bxf5 30. Qg3 Qxa6 31. Nxf7+ Kg8 32. Nh6+ Kh8 33. Nxf5 Qf6 34. Ne3 Nc6 35. h4 Nd4 36. Qg4 Qxf4 37. Qd7 Rcd8 38. Qh3 Bd6 39. Re1 Rf8 40. Nd1 Bc5 41. Rb7 Qd2 42. Rf1 Ne2+ 43. Kh1 Rxd3 44. Qg4 Ng3+ 45. fxg3 Rxf1+ 46. Kh2 Qxd1 47. Qxg7# 1-0

[Event "Early-Titled-Tuesday-Blitz-February-27-2024"]
[Site "Chess.com"]
[Date "2024.02.27"]
[Round "10"]
[White "jraosam"]
[Black "JaackCamel"]
[Result "1-0"]
[WhiteElo "1980"]
[BlackElo "2209"]
[TimeControl "180+1"]
[EndTime "9:55:07 PST"]
[Termination "jraosam won by resignation"]

1. Nf3 d5 2. c4 d4 3. e3 c5 4. b4 e5 5. Nxe5 Nf6 6. bxc5 Bxc5 7.
Nd3 Be7 8. Bb2 Nc6 9. Na3 a6 10. Nc2 dxe3 11. dxe3 O-O 12. Ne5 Qa5+ 13. Qd2 Qxd2+ 14.
Kxd2 Rd8+ 15. Ke1 Nxe5 16. Bxe5 Bf5 17. Nd4 Bb4+ 18. Ke2 Be6 19. Bxf6 gxf6 20. Rc1 Rac8 21. Kf3 Kg7 22. Be2 Bc5 23. Rhd1 h5 24. h3 f5 25.
Nxe6+ fxe6 26. Kg3 Kf6 27. Bxh5 Rg8+ 28. Kh2 e5 29. Rd7 e4 30. Rxb7 Bd6+ 31. g3 Be5 32. h4 Rcd8 33. Rf7+ Ke6 34. Ra7 Rd2 35. Bf7+ Kf6 36.
Bxg8 Rxf2+ 37. Kg1 Rf3 38. Rf7+ Kg6 39. Ra7 Rxg3+ 40.
Kf2 Rh3 41. Rg1+ Kf6 42. Rf7+ Ke6 43. Rg6+ Bf6 44. Rgxf6+ Ke5 45. Rxf5+ Ke6 46. R7f6+ 1-0

[Event "Early-Titled-Tuesday-Blitz-February-27-2024"]
[Site "Chess.com"]
[Date "2024.02.27"]
[Round "10"]
[White "Jumbo"]
[Black "Flawless_Fighter"]
[Result "1-0"]
[WhiteElo "2889"]
[BlackElo "2741"]
[TimeControl "180+1"]
[EndTime "9:55:08 PST"]
[Termination "Jumbo won by resignation"]

1. Nf3 d5 2. e3 Nf6 3. c4 e6 4.
b3 Bd6 5. Bb2 O-O 6. Nc3 a6 7.
Qc2 Re8 8. g4 dxc4 9. g5 cxb3 10. axb3 Nd5 11. Bd3 Nc6 12. Bxh7+ Kf8 13. Be4 Ncb4 14.
Qb1 c5 15. h4 Bd7 16. h5 Bc6 17. h6 gxh6 18. Rxh6 Ke7 19. Nxd5+ Nxd5 20. Bxd5 Kd7 21. Bxc6+ Kxc6 22. Qe4+ Kc7 23. Rh7 Qd7 24. Ne5 Bxe5 25. Bxe5+ Kb6 26. g6 Rad8 27. Rd1 Rg8 28. Rxf7 Qc8 29. g7 Rd5 30. Re7 Qc6 31. Rc1 Ka7 32.
d4 Qb5 33. Qc2 cxd4 34. Bxd4+ Kb8 35. Qc7+ Ka8 36. Qc8+ 1-0

[Event "Early-Titled-Tuesday-Blitz-February-27-2024"]
[Site "Chess.com"]
[Date "2024.02.27"]
[Round "10"]
[White "SirStrateg"]
[Black "Mops_2004"]
[Result "0-1"]
[WhiteElo "2681"]
[BlackElo "2837"]
[TimeControl "180+1"]
[EndTime "9:55:08 PST"]
[Termination "Mops_2004 won by resignation"]

1. d4 g6 2. c3 Bg7 3. Nf3 d6 4.
Bg5 h6 5. Bh4 f5 6. e3 Nf6 7. Bc4 e6 8. Nbd2 Qe7 9. h3 Nc6 10.
Qe2 Bd7 11. O-O-O O-O-O 12. Kb1 Kb8 13. Bd3 e5 14. Bxf6 Bxf6 15. dxe5 dxe5 16. e4 f4 17. Bb5 a6 18. Ba4 Nd4 19. Nxd4 Bxa4 20. Nc2 Bb5 21. c4 Bc6 22. f3 a5 23. Nb3 b6 24. Rxd8+ Rxd8 25. Rd1 Kb7 26. Rxd8 Qxd8 27. Nc1 g5 28. Qd3 Qe7 29. a3 h5 30. Ne2 g4 31.
hxg4 hxg4 32. Nc3 Qc5 33. b4 axb4 34. axb4 Qg1+ 35. Kb2 Kc8 36. b5 Bb7 37. Qe2 g3 38. Nb4 Be7 39. Nc6 Bc5 40. Nxe5 Bf2 41. Qd2 Qxg2 42.
Qd7+ Kb8 43. Qd8+ Ka7 44. Nc6+ Bxc6 45. Qxc7+ Bb7 46. Nd5 Bd4+ 0-1

[Event "Early-Titled-Tuesday-Blitz-February-27-2024"]
[Site "Chess.com"]
[Date "2024.02.27"]
[Round "10"]
[White "Austen48"]
[Black "pfalcon1949"]
[Result "1-0"]
[WhiteElo "2255"]
[BlackElo "1902"]
[TimeControl "180+1"]
[EndTime "9:55:08 PST"]
[Termination "Austen48 won on time"]

1. d4 Nf6 2. c4 c5 3. d5 b5 4.
cxb5 a6 5. bxa6 g6 6. Nc3 Bg7 7. Nf3 O-O 8. g3 d6 9. Bg2 Nxa6 10. e4 Nb4 11. O-O Ba6 12. Re1 Nd3 13. h3 Nxe1 14. Nxe1 Nd7 15. f4 Qb6 16. Kh2 Rfb8 17. Qc2 Qb4 18. Nd3 Bxd3 19. Qxd3 Qd4 20. Qxd4 cxd4 21.
Nd1 Nc5 22. e5 Nb3 23. Rb1 Rxa2 24. Be4 dxe5 25. f5 Nxc1 26. Rxc1 Ra7 27. g4 Bh6 28.
Rc2 Bf4+ 29. Kg2 gxf5 30. Bxf5 Kg7 31. Nf2 Rb3 32. Nd3 Ra5 33. Be4 e6 34. dxe6 fxe6 35. h4 Kf6 36. Bxh7 Ra2 37. g5+ Kg7 38. Rc7+ Kh8 39. Be4 Rxd3 40. Bxd3 Rxb2+ 41. Kf3 Rb3 42. Ke4 Kg8 43. Re7 Rb6 44. Bc4 Kf8 45. Rxe6 Rxe6 46.
Bxe6 Kg7 47. Bf5 Kh8 48. Kd5 Kg7 49. Ke6 Kh8 50. Kf7 Bg3 51. g6 1-0

[Event "Early-Titled-Tuesday-Blitz-February-27-2024"]
[Site "Chess.com"]
[Date "2024.02.27"]
[Round "10"]
[White "Balla_Tamas"]
[Black "Herman-NY"]
[Result "0-1"]
[WhiteElo "2414"]
[BlackElo "2528"]
[TimeControl "180+1"]
[EndTime "9:55:09 PST"]
[Termination "Herman-NY won by resignation"]

1. e4 e5 2. Nf3 Nc6 3. d4 exd4 4. Nxd4 Qf6 5. Nb3 Qg6 6. Nc3 Bb4 7. Bd2 Bxc3 8.
Bxc3 Qxe4+ 9. Be2 Qg6 10. O-O Nge7 11. Bd3 Qh6 12. Re1 O-O 13. Qf3 d6 14. Rad1 Ng6 15.
Re4 Nce5 16. Qe2 Nxd3 17. Qxd3 Bf5 18. Nd4 Bxe4 19. Qxe4 Qh5 20. f3 d5 21. Qd3 c6 22. Nf5 Nf4 23. Nxg7 Qg5 24. Qf1 f6 25. h4 Qxg7 26. Re1 Rae8 27. Rd1 Re2 28. Rd4 Rxg2+ 29.
Kh1 Ne2 30. Rb4 Ng3+ 31. Kxg2 Nxf1+ 32. Kxf1 Qf7 33. Rg4+ Kh8 34. h5 c5 35. Kg2 d4 36. Bd2 Rg8 37. Kg3 Rxg4+ 38. fxg4 Qxa2 39. Bf4 Kg8 0-1

[Event "Early-Titled-Tuesday-Blitz-February-27-2024"]
[Site "Chess.com"]
[Date "2024.02.27"]
[Round "10"]
[White "Beca95"]
[Black "mishanick"]
[Result "0-1"]
[WhiteElo "2909"]
[BlackElo "3079"]
[TimeControl "180+1"]
[EndTime "9:55:11 PST"]
[Termination "mishanick won by resignation"]

1. e4 c5 2. Nf3 e6 3. d4 cxd4 4. Nxd4 Nc6 5. Nc3 Nf6 6. a3 Qc7 7. Be3 a6 8. g4 h6 9. h4 d5 10. exd5 exd5 11. Be2 Be6 12. f4 O-O-O 13. f5 Bd7 14.
Qd2 Nxg4 15. Bxg4 Qg3+ 16. Qf2 Qxg4 17. Rg1 Qh5 18. Nxd5 Nxd4 19. Bxd4 Qxf5 20. Nb6+ Kc7 21. Qg3+ Bd6 22. Qc3+ Kb8 23. O-O-O Bc6 24. Bxg7 Rhg8 25. Kb1 Be4 26. Bd4 Rxg1 27. Rxg1 Bc7 28. Nc4 Bxc2+ 29.
Ka1 Qd3 30. Bf6 Qxc3 31. bxc3 Rc8 32. Ne5 Bb3 33. Kb2 Be6 34. Nd3 Bd8 35. Bxd8 Rxd8 36. Nf4 Rd2+ 37. Kc1 Ra2 38. Nxe6 Ra1+ 0-1

[Event "Early-Titled-Tuesday-Blitz-February-27-2024"]
[Site "Chess.com"]
[Date "2024.02.27"]
[Round "10"]
[White "Makswolf200817"]
[Black "Sina_Movahed"]
[Result "0-1"]
[WhiteElo "2753"]
[BlackElo "2961"]
[TimeControl "180+1"]
[EndTime "9:55:12 PST"]
[Termination "Sina_Movahed won on time"]

1. d4 Nf6 2. c4 g6 3. g3 Bg7 4. Bg2 O-O 5. Nc3 d6 6. Nf3 Nbd7 7. O-O e5 8. e4 exd4 9. Nxd4 Re8 10. h3 Nc5 11.
Re1 h6 12. Rb1 c6 13. b3 a5 14. Rb2 h5 15. Bf4 h4 16. g4 a4 17. Rd2 axb3 18. axb3 Qa5 19. Ra2 Qxc3 20. Rxa8 Bxg4 21. Rxe8+ Nxe8 22.
hxg4 Bxd4 23. Be3 Bxe3 24. Rxe3 Qe5 25. b4 Ne6 26. Bf1 Nf6 27. Ra3 Kg7 28. Bg2 Kh7 29. Rf3 Ng5 30. Re3 Qf4 31. Rd3 Nxg4 32. Qe1 h3 33.
Rg3 hxg2 34. Qe2 Ne5 35. c5 dxc5 36. bxc5 Kg7 37. Kxg2 Ne6 38. Qe3 Qf6 39. Qc3 Nf4+ 40. Kf1 Kg8 41. Qd2 Qh4 42. Kg1 Nh3+ 43. Kg2 Qxe4+ 44.
Kh2 Nf3+ 0-1

[Event "Early-Titled-Tuesday-Blitz-February-27-2024"]
[Site "Chess.com"]
[Date "2024.02.27"]
[Round "10"]
[White "ProChessWICTH"]
[Black "Chessdude1987"]
[Result "1-0"]
[WhiteElo "2525"]
[BlackElo "2370"]
[TimeControl "180+1"]
[EndTime "9:55:14 PST"]
[Termination "ProChessWICTH won on time"]

1. e4 e6 2. d4 d5 3. Nc3 Nf6 4.
e5 Nfd7 5. f4 c5 6. Nce2 Nc6 7.
Nf3 Nxd4 8. Nexd4 cxd4 9. Nxd4 Nc5 10. Be3 Ne4 11. g3 Bd7 12. Bg2 Bb4+ 13. c3 Nxc3 14. bxc3 Bxc3+ 15. Kf2 Bxa1 16. Qxa1 Rc8 17. Bf1 Qa5 18.
Bd3 O-O 19. Nb3 Qa3 20. Qb1 b6 21. Bxh7+ Kh8 22. Bd3 Rc7 23. Rd1 Rfc8 24. Rd2 Ba4 25. f5 exf5 26. Bxf5 Re8 27. Bd4 Rc4 28. Qd1 Rxd4 29.
Rxd4 Qxa2+ 30. Rd2 Qxb3 31. Qh5+ Kg8 32. Qh7+ Kf8 33.
Qh8+ Ke7 34. Qxg7 Qc3 35. Re2 Qd4+ 36. Kg2 Kd8 37. Qf6+ Kc7 38. Qd6+ Kb7 39. Bd7 1-0

[Event "Early-Titled-Tuesday-Blitz-February-27-2024"]
[Site "Chess.com"]
[Date "2024.02.27"]
[Round "10"]
[White "bulletteemo"]
[Black "JaloliddinIlkhomi"]
[Result "1-0"]
[WhiteElo "2592"]
[BlackElo "2742"]
[TimeControl "180+1"]
[EndTime "9:55:15 PST"]
[Termination "bulletteemo won by resignation"]

1. e4 e6 2. d4 d5 3. exd5 exd5 4.
Nf3 Bd6 5. Bd3 Ne7 6. O-O O-O 7. Re1 Nbc6 8. Bg5 f6 9. Bh4 Bf5 10. Bg3 Qd7 11. Nc3 Rfe8 12. a3 a6 13. b4 Bxg3 14.
hxg3 Bxd3 15. Qxd3 Nf5 16. Na4 Nd6 17. Nc5 Qg4 18.
Qb3 Qf5 19. g4 Qxg4 20. Qxd5+ Kh8 21. Nxb7 Ne7 22. Rxe7 Rxe7 23. Nxd6 Rf8 24. Nf5 Ree8 25. Qc5 Rd8 26. Re1 Rfe8 27. Re7 Rxe7 28. Qxe7 Rg8 29. Ne3 Qc8 30. c4 Re8 31. Qf7 Rf8 32. Qd5 Rd8 33. Qc6 Rd6 34. Qc5 Rd8 35. Nd5 c6 36. Ne7 Re8 37.
Nxc6 g5 38. Qd6 Re6 39. Qd8+ Qxd8 40. Nxd8 Rd6 41. Nf7+ 1-0

[Event "Early-Titled-Tuesday-Blitz-February-27-2024"]
[Site "Chess.com"]
[Date "2024.02.27"]
[Round "10"]
[White "Schachmalanders"]
[Black "Felix-Rose"]
[Result "1-0"]
[WhiteElo "2463"]
[BlackElo "2264"]
[TimeControl "180+1"]
[EndTime "9:55:15 PST"]
[Termination "Schachmalanders won on time"]

1. e4 e5 2. Nf3 Nc6 3. d4 exd4 4. Nxd4 Nf6 5. Nc3 Bb4 6. Nxc6 bxc6 7. Bd3 d5 8. exd5 O-O 9. O-O cxd5 10. h3 c6 11.
Qf3 Re8 12. Bf4 Qe7 13. Rfe1 Qxe1+ 14. Rxe1 Rxe1+ 15. Kh2 Bd7 16. Ne2 Re8 17. Ng3 Bc5 18. Nf5 Bxf5 19. Bxf5 R1e2 20. Bg3 h6 21. Bd3 R2e6 22.
Qf5 g6 23. Qf4 Kg7 24. Qc7 R8e7 25. Qb8 Nh5 26. b4 Re8 27. Qb7 R8e7 28. Qb8 Nxg3 29. bxc5 Ne4 30. f3 Nxc5 31. Qa8 Nxd3 32. cxd3 Re3 33. d4 R3e6 34. a4 h5 35. h4 Rf6 36.
a5 Rf4 37. Qxc6 Rxh4+ 38. Kg3 g5 39. Qxd5 f6 40. a6 Rf4 41. Qc5 h4+ 42. Kh2 Rd7 43.
d5 Rf5 44. Qe3 Rfxd5 45. Qe6 R5d6 46. Qe8 1-0

[Event "Early-Titled-Tuesday-Blitz-February-27-2024"]
[Site "Chess.com"]
[Date "2024.02.27"]
[Round "10"]
[White "regenda"]
[Black "Zampronha1971"]
[Result "1-0"]
[WhiteElo "2261"]
[BlackElo "2339"]
[TimeControl "180+1"]
[EndTime "9:55:16 PST"]
[Termination "regenda won on time"]

1. e4 c5 2. Be2 e6 3. f4 Nc6 4. Nf3 d5 5. d3 Nf6 6. e5 Nd7 7. O-O Be7 8. c4 O-O 9. cxd5 exd5 10. Nc3 Nb6 11. Qe1 d4 12. Ne4 Nd5 13. Qg3 f5 14.
exf6 Nxf6 15. Bd2 Nxe4 16. dxe4 d3 17. Bd1 c4 18. Bc3 Bc5+ 19. Kh1 Nd4 20. b3 b5 21. bxc4 bxc4 22. Ne5 Bb7 23. Nxc4 Bxe4 24. Ne5 Nf5 25. Qe1 Qd5 26. Bf3 Bxf3 27. Rxf3 Rfe8 28. Rxd3 Qe6 29.
Qd2 Qh6 30. Rb1 Rad8 31. g4 Ng3+ 32. Kg2 Rxd3 33. Qxd3 Qxf4 34. Qxg3 Qe4+ 35. Qf3 Qxb1 36. Qf7+ Kh8 37. Qxe8+ 1-0

[Event "Early-Titled-Tuesday-Blitz-February-27-2024"]
[Site "Chess.com"]
[Date "2024.02.27"]
[Round "10"]
[White "annacramling"]
[Black "Chernov_Alexander_A"]
[Result "0-1"]
[WhiteElo "2113"]
[BlackElo "2324"]
[TimeControl "180+1"]
[EndTime "9:55:16 PST"]
[Termination "Chernov_Alexander_A won on time"]

1. e3 d5 2. d3 e5 3. Ne2 Nf6 4. Nd2 Nc6 5. Nb3 Bd6 6. Ng3 h5 7. h4 g6 8. e4 d4 9. Bg5 Be7 10. c3 Ng4 11. Qd2 a5 12. Bxe7 Qxe7 13. cxd4 a4 14. Nc1 Nxd4 15. Nce2 Qc5 16. Nxd4 Qxd4 17. Rc1 c6 18. Rc4 Qd6 19. Be2 Be6 20. Rb4 b5 21. d4 O-O 22. d5 cxd5 23. Rxb5 d4 24. O-O Bxa2 25. Bxg4 hxg4 26. Qg5 Rfe8 27. Nf5 Qe6 28. Rb6 Qxb6 29. Ne7+ Rxe7 30. Qxe7 Qe6 31. Qg5 Kg7 32. f4 f6 33. f5 fxg5 34. fxe6 Bxe6 35. hxg5 Rf8 36.
Rc1 Rb8 37. Rc7+ Bf7 38. Ra7 Rb4 0-1

[Event "Early-Titled-Tuesday-Blitz-February-27-2024"]
[Site "Chess.com"]
[Date "2024.02.27"]
[Round "10"]
[White "Andreikka"]
[Black "Szparu"]
[Result "1-0"]
[WhiteElo "2964"]
[BlackElo "2796"]
[TimeControl "180+1"]
[EndTime "9:55:17 PST"]
[Termination "Andreikka won on time"]

1. Nf3 c5 2. c4 Nc6 3. Nc3 g6 4. e3 Nf6 5. d4 cxd4 6. exd4 d5 7. cxd5 Nxd5 8. Qb3 Nxc3 9. Bc4 Nd5 10. Bxd5 e6 11.
Bxc6+ bxc6 12. O-O Qd5 13. Qc3 f6 14. Be3 h5 15.
Nd2 Bb7 16. f3 a5 17. Ne4 Kf7 18. h4 Be7 19. Qd2 c5 20. Nxc5 Bxc5 21. dxc5 Qxd2 22. Bxd2 Bd5 23. b3 Rhc8 24. Rfc1 e5 25. Kf2 Ke6 26. Rc2 Rc6 27. Re1 Kf5 28. Re3 g5 29. hxg5 fxg5 30. a3 g4 31. b4 axb4 32. axb4 Rg6 33. Bc3 e4 34. fxg4+ Rxg4 35. b5 Rag8 36. Kg1 Kf4 37. Bd4 Bc4 38. b6 Bd3 39. Rf2+ Kg5 40. c6 Ra8 41. b7 Rb8 42. c7 Rxb7 43. c8=Q Rb1+ 44. Kh2 Rh4+ 45. Rh3 Rxh3+ 46. Qxh3 1-0